 Dungeon Crawl Stone Soup version 0.25-a0-316-gd28d56f9c5 (webtiles) character file.

Game seed: 11001767214674045035, levelgen mode: deterministic

35 MisterFreud the Ducker (level 3, -5/17 HPs)
             Began as a Felid Berserker on Dec 24, 2019.
             Was a Follower of Trog.
             Killed by nerve-wracking pain
             ... invoked by Jessica
              (13 damage)
             ... on level 2 of the Dungeon.
             The game lasted 00:06:16 (1071 turns).

MisterFreud the Ducker (Felid Berserker)            Turns: 1071, Time: 00:06:16

Health: -5/17      AC:  1    Str: 13    XL:     3   Next: 16%
Magic:  4/4        EV: 20    Int:  8    God:    Trog [*.....]
Gold:   46         SH:  0    Dex: 16    Spells: 2/2 levels left
                                        Lives:  0   Deaths: 0

rFire    . . .     SeeInvis +     - Unarmed
rCold    + . .     Gourm    .   (shield unavailable)
rNeg     . . .     Faith    .   (armour unavailable)
rPois    .         Spirit   .   (helmet unavailable)
rElec    .         Reflect  .   (cloak unavailable)
rCorr    .         Harm     .   (gloves unavailable)
MR       .....                  (boots unavailable)
Stlth    ++........             (no amulet)
HPRegen  0.05/turn              b - ring of protection from cold
MPRegen  0.09/turn              (no ring)

@: quick
A: very small, no armour, no weapons or thrown items, stealth, claws 1, fangs 3,
see invisible, carnivore, speed 1, shaggy fur 1, slow metabolism 1, sharp paws
a: Berserk, Renounce Religion


You were on level 2 of the Dungeon.
You worshipped Trog.
Trog was aware of your devotion.
You were very full.

You visited 1 branch of the dungeon, and saw 2 of its levels.

You collected 46 gold pieces.

Inventory:

Jewellery
 b - a ring of protection from cold (left paw)
 h - an uncursed ring of ice
Scrolls
 c - a scroll of blinking {unknown}
 e - a scroll of remove curse {unknown}
 g - a scroll of immolation {unknown}
Potions
 d - 3 potions of curing
Comestibles
 a - 3 rations
 f - 6 chunks of flesh


   Skills:
 * Level 3.5 Fighting
 + Level 4.5 Dodging
 + Level 1.5 Stealth
 + Level 3.2 Unarmed Combat


You had 2 spell levels left.
You didn't know any spells.
Your spell library was empty.

Dungeon Overview and Level Annotations

Branches:
Dungeon (2/15)

Altars:

Annotations:
D:2 Jessica


Innate Abilities, Weirdness & Mutations

You cannot wear armour.
You are incapable of wielding weapons or throwing items.
Your paws allow you to move quietly. (Stealth)
You have sharp claws.
You have razor-sharp teeth.
You have supernaturally acute eyesight. (SInv)
You are carnivorous and can eat meat at any time.
You cover ground quickly.
You are covered in fur. (AC +1)
You have a slow metabolism.
Your sharp claws are effective at attacking unaware monsters.


Message History

Jessica closely misses you.
You barely miss Jessica.
Jessica is severely wounded.
Jessica misses you. x2
You barely miss Jessica.
Jessica is severely wounded.
Jessica gestures wildly while chanting.
Jessica blinks!
Jessica shouts, "You're disturbing me!
I'll have to kill you!" Jessica completely misses you.
You scratch Jessica but do no damage. Your claw misses Jessica.
Jessica is heavily wounded.
Jessica points at you and mumbles some strange words.
Pain shoots through your body!
You scratch Jessica. Your bite misses Jessica.
Jessica is almost dead.
Jessica casts a spell at you. Pain shoots through your body!
Ouch! That really hurt!
You die...

#....<.....#
#..........#
####........##
#######............#
.......(#..........#
#########..(♣♣.....#
#.....).♣.....# ###
#......♣.÷.@..#
..####.......†..@.##
#................##
######...........#
.........###.#
..######### #.# .##
#.# #.# #.# #..


You could see Jessica.

Vanquished Creatures
  An ooze (D:2)
  2 worms
  2 dart slugs (D:1)
  A leopard gecko (D:1)
  8 bats
  2 goblins
  A hobgoblin (D:1)
  A kobold (D:1)
  2 rats (D:1)
20 creatures vanquished.

Notes
Turn   | Place    | Note
-------+----------+-------------------------------------------
     0 | D:1      | MisterFreud the Felid Berserker began the quest for the
                  | Orb.
     0 | D:1      | Reached XP level 1. HP: 10/10 MP: 2/2
   161 | D:1      | Reached XP level 2. HP: 8/14 MP: 3/3
   440 | D:1      | Reached skill level 1 in Stealth
  1013 | D:2      | Reached XP level 3. HP: 15/17 MP: 4/4
  1052 | D:2      | Noticed Jessica
  1071 | D:2      | Killed from afar by Jessica

Levels and vault maps discovered:
D:1:      nzn_arrival_settlement, layout_rooms, minmay_misc_feat_four_crosses,
          st_stairs_5, serial_park_tiny_2
D:2:      layout_rooms, first_ration, chequers_garden, uniq_jessica

Skill      XL: |  1  2 |
---------------+-------+-----
Stealth        | 1 |  1.5
Fighting       | |  3.5
Dodging        | |  4.5
Unarmed Combat | |  3.2

Action                   || total
-------------------------++-------
Melee: Unarmed           ||    77
       Bite              ||     6
       Punch             ||     2
  Use: Scroll            ||     1
 Stab: Sleeping          ||     1
  Eat: Chunk             ||     7
Armor: Skin              ||     4
Dodge: Dodged            ||    78

Table legend:
 A = Non-vault XP
 B = Vault XP
 C = Vault XP percentage of total XP
 D = Non-vault monster count
 E = Vault monster count
 F = Vault count percentage of total count
                 A         B        C        D         E       F
            +---------+---------+-------+---------+---------+-------
      Total |      44 |       6 |  12.0 |      17 |       3 |  15.0
            +---------+---------+-------+---------+---------+-------
        D:1 |      29 |       6 |  17.1 |      13 |       3 |  18.8
        D:2 |      15 |       0 |   0.0 |       4 |       0 |   0.0
            +---------+---------+-------+---------+---------+-------
